Map: Prion Terraces

Players

LilDicky

  • Race: Protoss Protoss
  • League: Diamond

Fighter - Winner!

  • Race: Zerg Zerg

VOD

http://www.twitch.tv/tumescentpie

Description

Time

  • Played on: Dec. 5, 2015, 3:34 p.m.
  • Length: 3:56
Show
View Real Time Build Order
Export as new Build Order

LilDicky Protoss 

Build Orders:  

Get SALT Encoding   

  12  0:01  Probe (Chrono Boost)  
  13  0:12  Probe (Chrono Boost)  
  14  0:21  Pylon  
  14  0:23  Probe (Chrono Boost)  
  15  0:39  Probe (Chrono Boost)  
  15  0:41  Gateway  
  16  0:48  Assimilator  
  16  0:50  Probe (Chrono Boost)  
  17  1:00  Probe (Chrono Boost)  
  18  1:12  Pylon  
  18  1:15  Probe (Chrono Boost)  
  19  1:24  Pylon  
  19  1:28  Probe (Chrono Boost)  
  20  1:34  Cybernetics Core, Zealot  
  20  1:39  Probe (Chrono Boost)  
  23  1:48  Assimilator  
  23  1:49  Probe (Chrono Boost)  
  24  2:00  Probe (Chrono Boost)  
  25  2:10  Pylon  
  25  2:12  Warp Gate (Chrono Boost)  
  25  2:21  Gateway  
  25  2:22  Gateway  
  26  2:30  Adept  
  26  2:33  Mothership Core  
  29  2:50  Robotics Facility  
  29  2:54  Probe  
  30  3:15  Probe  
Show
View Real Time Build Order
Export as new Build Order

Fighter Zerg - Winner!

Build Orders: Hatch First 

Get SALT Encoding   

  12  0:01  Drone  
  13  0:12  Overlord  
  13  0:18  Drone  
  14  0:30  Drone x2  
  14  0:34  Drone  
  17  0:54  Hatchery  
  16  0:59  Drone x2  
  18  1:14  Spawning Pool  
  18  1:18  Extractor  
  16  1:19  Drone  
  16  1:21  Drone  
  18  1:29  Overlord  
  18  2:02  Zergling x6  
  18  2:05  Queen  
  18  2:07  Queen  
  24  2:17  Drone  
  24  2:18  Drone x2  
  27  2:23  Metabolic Boost  
  27  2:27  Evolution Chamber  
  26  2:35  Drone x2  
  26  2:36  Drone  
  29  2:54  Zergling x2  
  29  2:55  Zergling x4  
  31  3:08  Queen  
  33  3:18  Drone x3  
  33  3:19  Overlord  
  36  3:20  Roach Warren  
  35  3:31  Drone  
  36  3:38  Drone x4  
  36  3:39  Drone x2  
Tags
 
Add a new tag
Caveats
  • Supply blocks, unpowered buildings, or Contaminate may cause inaccurate times.
  • Supply counts are checked every 10 seconds.